 Dungeon Crawl Stone Soup version 0.26-a0-651-gb41185065b (webtiles) character file.

Game seed: 6327041791267660037

710903 sanka the Conqueror (level 27, -13/245 HPs)
             Began as a Minotaur Berserker on Oct 12, 2020.
             Was the Champion of Trog.
             Killed from afar by an orb of fire (22 damage)
             ... with a bolt of fire
             ... on level 5 of the Realm of Zot on Oct 18, 2020.
             The game lasted 03:21:28 (77293 turns).

sanka the Conqueror (Minotaur Berserker)           Turns: 77293, Time: 03:21:28

Health: -13/245    AC: 60    Str: 27    XL:     27
Magic:  0/21       EV: 31    Int:  0    God:    Trog [******]
Gold:   8849       SH: 29    Dex: 25    Spells: 28/28 levels left

rFire    + . .     SeeInvis +   a - +18 lance "Wyrmbane" {slay drac, rPois rF+ rC+ AC+3}
rCold    + . .     Faith    .   V - +2 tower shield
rNeg     . . .     Spirit   +   h - +15 Maxwell's patent armour {-Cast -Tele rElec MR+ rCorr}
rPois    +         Reflect  .   y - +2 hat
rElec    +         Harm     .   l - +1 cloak of the Clam {+Fly MR+ Dex+7}
rCorr    +         Rampage  .   I - +3 pair of gauntlets of War {Slay+5}
MR       +++++     Rnd*Rage +   Y - +2 pair of boots {Stlth+} Stlth ..........NoTele +
                                H - amulet of Oenomania {Spirit Slay+6 Stlth-}
HPRegen  1.50/turn NoCast   +   d - +4 ring of slaying
MPRegen  0.17/turn              D - +4 ring of protection

@: regenerating, slowed, lost intelligence, studying 2 skills, very slow
A: retaliatory headbutt, horns 2, thin metallic scales 1, see invisible, berserk
1, dopey 2, frail 1, low mp 1, teleportitis 1, no potion heal 1
}: 3/15 runes: barnacled, silver, gossamer
a: Berserk, Trog's Hand, Brothers in Arms, Renounce Religion, Evoke Flight


You were on level 5 of the Realm of Zot.
You worshipped Trog.
Trog was exalted by your worship.
You visited 10 branches of the dungeon, and saw 50 of its levels.
You also visited: Bailey, Wizlab and Desolation.

You collected 10617 gold pieces.
You spent 1768 gold pieces at shops.


Innate Abilities, Weirdness & Mutations

You reflexively headbutt those who attack you in melee.
You have a pair of horns on your head.
You are partially covered in thin metallic scales. (AC +2)
You have supernaturally acute eyesight. (SInv)
You tend to lose your temper in combat.
You are very dopey. (Int -4)
You are frail. (-10% HP)
Your magical capacity is low. (-10% MP)
You are occasionally teleported next to monsters.
Potions are less effective at restoring your health.


   Skills:
 O Level 27 Fighting
 - Level 13.0(15.8) Axes
 + Level 15.3(16.9) Polearms
 O Level 27 Armour
 O Level 27 Dodging
 - Level 25.0 Shields
 - Level 1.0 Spellcasting
 + Level 13.8 Evocations


You had 28 spell levels left.
You didn't know any spells.
Your spell library contained the following spells:

 Spells                   Type           Power        Failure   Level
 Apportation              Tloc           #.....       90%         1
 Foxfire                  Conj/Fire      #...         90%         1
 Magic Dart               Conj           #...         90%         1
 Blink                    Tloc           N/A          97%         2
 Searing Ray              Conj           #.....       97%         2
 Conjure Flame            Conj/Fire      #.......     99%         3
 Dazzling Flash           Conj/Hex       #.....       99%         3
 Gell's Gravitas          Tloc           #.........   99%         3
 Inner Flame              Hex/Fire       #.......     99%         3
 Lesser Beckoning         Tloc           #.........   99%         3
 Portal Projectile        Hex/Tloc       #.....       99%         3
 Teleport Other           Tloc           #.......     99%         3
 Tukima's Dance           Hex            #.......     99%         3
 Fulminant Prism          Conj/Hex       #.........   100%        4
 Iskenderun's Mystic Bla  Conj/Tloc      #.......     100%        4
 Leda's Liquefaction      Hex/Erth       #.........   100%        4
 Passage of Golubria      Tloc           N/A          100%        4
 Sticky Flame             Conj/Fire      #.......     100%        4
 Alistair's Intoxication  Tmut/Pois      #........    100%        5
 Bolt of Magma            Conj/Fire/Erth #.........   100%        5
 Fireball                 Conj/Fire      #.........   100%        5
 Summon Forest            Summ/Tloc      #.........   100%        5
 Invisibility             Hex            #.......     100%        6
 Iron Shot                Conj/Erth      #.........   100%        6
 Statue Form              Tmut/Erth      #........    100%        6
 Malign Gateway           Summ/Tloc      #.........   100%        7
 Disjunction              Tloc           #.........   100%        8
 Shatter                  Erth           #.........   100%        9

Inventory:

Hand Weapons
 a - the +18 lance "Wyrmbane" (weapon) {slay drac, rPois rF+ rC+ AC+3}

   It affects your AC (+3).
   It protects you from fire.
   It protects you from cold.
   It protects you from poison.
Armour
 h - the +15 Maxwell's patent armour (worn) {-Cast -Tele rElec MR+ rCorr}

   It insulates you from electricity.
   It affects your resistance to hostile enchantments.
   It prevents spellcasting.
   It prevents most forms of teleportation.
   It provides partial protection from all sources of acid and corrosion.
 l - the +1 cloak of the Clam (worn) {+Fly MR+ Dex+7}

   It affects your dexterity (+7).
   It affects your resistance to hostile enchantments.
   It lets you fly.
 y - a +2 hat (worn)
 I - the +3 pair of gauntlets of War (worn) {Slay+5}

   It affects your accuracy and damage with ranged weapons and melee attacks
   (+5).
 V - a +2 tower shield (worn)
 Y - a +2 pair of boots of stealth (worn)
Jewellery
 d - a +4 ring of slaying (left hand)
 D - a +4 ring of protection (right hand)
 H - the amulet of Oenomania (around neck) {Spirit Slay+6 Stlth-}

   [amulet of guardian spirit]

   It causes incoming damage to be split between your health and magic.
   It affects your accuracy and damage with ranged weapons and melee attacks
   (+6).
   It makes you less stealthy.
 S - the macabre finger necklace {rN+}

   [amulet of nothing]

   It protects you from negative energy.
 W - the ring "Saxyho" {rElec rF+ rC+}

   [ring of protection from cold]

   It protects you from fire.
   It protects you from cold.
   It insulates you from electricity.
 X - the ring of Gycyzao {rF+ Dex+2 SInv}

   [ring of see invisible]

   It affects your dexterity (+2).
   It protects you from fire.
   It lets you see invisible.
Wands
 s - a wand of disintegration (13)
 t - a wand of iceblast (74)
 A - a wand of polymorph (8)
 B - a wand of digging (19)
 N - a wand of acid (50)
 U - a wand of enslavement (26)
Scrolls
 b - 10 scrolls of enchant weapon
 c - 39 scrolls of teleportation {@r4}
 e - 8 scrolls of fear
 g - 15 scrolls of remove curse
 k - a scroll of acquirement
 m - 36 scrolls of identify {@r1}
 o - 10 scrolls of immolation {!r}
 r - 11 scrolls of fog
 u - 2 scrolls of holy word
 E - 6 scrolls of enchant armour
 F - 12 scrolls of magic mapping
 K - 3 scrolls of silence {!r}
 L - 8 scrolls of blinking
 T - 3 scrolls of summoning
Potions
 j - 11 potions of ambrosia
 p - 2 potions of cancellation
 q - 4 potions of magic
 v - 21 potions of curing {@q1}
 w - 6 potions of might
 x - 9 potions of mutation {!q}
 z - 3 potions of invisibility
 C - 6 potions of haste {@q3}
 M - 2 potions of resistance
 O - 9 potions of stabbing
 R - 8 potions of flight
 Z - 13 potions of heal wounds {@q2}
Books
 f - a manual of Slings
 Q - a manual of Axes
Miscellaneous
 i - a condenser vane (2/2)
 n - a tin of tremorstones (3/3)
 G - a lightning rod (4/4)
 J - a phial of floods

Dungeon Overview and Level Annotations

Branches:
Dungeon (15/15)            Temple (0/1) D:7            Lair (6/6) D:8
 Shoals (4/4) Lair:3       Spider (4/4) Lair:4        Slime (0/5) Lair:6
    Orc (2/2) D:12            Elf (3/3) Orc:2        Vaults (5/5) D:13
  Crypt (0/3) Vaults:3     Depths (5/5) D:15           Hell (visited)
    Zot (5/5) Depths:5     Bailey (visited)          WizLab (visited)
Desolation (visited)
    Dis: Hell:1         Geh: Hell:1         Coc: Hell:1         Tar: Hell:1

Altars:
Cheibriados
Elyvilon
Fedhas
Gozag
Hepliaklqana
Makhleb
Nemelex Xobeh
Okawaru
Qazlal
Sif Muna
Uskayaw
Vehumet
Wu Jian
Xom
Yredelemnul
Zin
Jiyva

Shops:
D:5 (   D:8 (!!   D:9 *   Orc:1 *   Orc:2 (:!!   Elf:1 [   Elf:2 [*
Vaults:2 *   Vaults:3 *   Vaults:4 (

Portals:
Hell: Lair:6 Depths:1 Depths:2 Depths:3 Depths:4 Depths:5
Abyss: Depths:4
Pandemonium: Depths:2 Depths:3
Ziggurat: Depths:4

Annotations:
Lair:1 exclusion: oklob plant
Hell Geryon

.........).......▒ ▒▒...........
.................▒ ▒.......^...
^...........)....▒ ▒▒...........
..........p......▒ ▒............
.................▒ ▒▒..^.........
.................▒▒▒.............
.^......#......p▒▒▒...▒▒▒▒▒▒▒▒▒▒▒
.............*p▒▒T.).▒▒ ▒
..............**H.T▒▒▒
▓^....▒▒▓▓▓▓▓▓▓▓▓▓▓▒
.........^... .............
............. .............
............. ........p....
............. .


You could see 3 orbs of fire, 2 Killer Klowns and 2 friendly iron trolls.


Message History

The orb of fire completely resists.
The fireball engulfs the orb of fire.
The orb of fire completely resists.
The fireball engulfs the orb of fire.
The orb of fire completely resists.
The fireball engulfs you!!! You resist.
* * * LOW HITPOINT WARNING * * *
Unknown command.
Use which ability? (? or * to list)
Your iron troll goes berserk!
The orb of fire emits a lurid red light.
The fireball explodes!
The fireball engulfs you but does no damage.
The fireball engulfs the orb of fire.
The orb of fire completely resists.
The orb of fire glows deep purple.
The fireball explodes!
The fireball engulfs you!!! You resist.
* * * LOW HITPOINT WARNING * * *
The fireball engulfs the orb of fire.
The orb of fire completely resists.
The Killer Klown pokes out its tongue.
Use which ability? (? or * to list)
Your iron troll goes berserk!
The orb of fire glows red.
The bolt of fire hits you!! You resist.
You die...

Action                   |  1- 3 |  4- 6 |  7- 9 | 10-12 | 13-15 | 16-18 | 19-21 | 22-24 | 25-27 || total
-------------------------+-------+-------+-------+-------+-------+-------+-------+-------+-------++-------
Melee: Hand axe          |    60 |   101 |    48 |       |       |       |       |       |       ||   209
       Headbutt          |     4 |    20 |    37 |   137 |   521 |   484 |   413 |   635 |   627 ||  2878
       Battleaxe         |       |       |     8 |       |       |       |       |       |       ||     8
       War axe           |       |       |   196 |   220 |       |       |       |       |       ||   416
       Executioner's axe |       |       |       |   199 |       |       |       |       |       ||   199
       Lance             |       |       |       |    84 |  1748 |  1813 |  2025 |  2176 |  2113 ||  9959
Invok: Berserk           |     2 |     4 |     4 |     8 |     3 |     1 |     2 |       |       ||    24
       Trog's Hand       |       |       |       |     1 |     1 |    11 |     2 |     2 |     7 ||    24
       Brothers in Arms  |       |       |       |       |       |     1 |       |       |     2 ||     3
 Abil: Evoke Flight      |       |       |       |       |       |       |       |       |     2 ||     2
Evoke: Lightning rod     |       |       |       |     5 |     4 |     1 |       |       |       ||    10
       Wand              |       |       |       |       |     1 |     1 |       |       |       ||     2
  Use: Scroll            |     1 |       |     4 |     1 |    14 |     4 |     8 |     8 |     6 ||    46
       Potion            |       |     3 |       |     6 |     1 |       |     2 |     3 |    10 ||    25
 Stab: Sleeping          |     2 |       |       |       |       |       |       |       |       ||     2
       Distracted        |       |       |       |       |     1 |     1 |     3 |       |     3 ||     8
       Confused          |       |       |       |       |       |     1 |       |       |       ||     1
Armor: Animal skin       |     7 |       |       |       |       |       |       |       |       ||     7
       Leather armour    |     4 |    18 |     7 |       |       |       |       |       |       ||    29
       Chain mail        |       |       |    30 |       |       |       |   134 |    53 |       ||   217
       Steam dragon scal |       |       |    12 |   113 |   229 |   199 |    62 |       |       ||   615
       Skin              |       |       |       |    19 |       |       |       |       |       ||    19
       Plate armour      |       |       |       |       |       |       |   196 |   253 |   230 ||   679
Dodge: Dodged            |    37 |    41 |   104 |   515 |   831 |   712 |   634 |   417 |   422 ||  3713
       Repelled          |       |       |       |       |       |       |       |     2 |       ||     2
Block: Other             |     8 |       |     2 |    40 |       |       |       |       |       ||    50
       Buckler           |     2 |    42 |    79 |   189 |   172 |       |       |       |       ||   484
       Reflection        |       |     2 |     4 |    31 |    31 |    14 |       |       |       ||    82
       Tower shield      |       |       |       |       |   198 |       |   895 |  1180 |  1036 ||  3309
       Kite shield       |       |       |       |       |    54 |   616 |   134 |       |       ||   804

Levels and vault maps discovered:
D:1:      denvon_arrival_planthouse, layout_basic, skrybe_limestone_x,
          minmay_misc_feat_more_columns
D:2:      layout_loops_ring, kennysheep_slug_shrine
D:3:      layout_rooms, uniq_crazy_yiuf_cottage
D:4:      layout_loops_corners, kennysheep_ying_yang, kennysheep_little_box,
          chei_slow_surprise
D:5:      layout_rooms, grunt_temple_overflow_diamond, serial_shops, shop,
          uniq_blork_the_orc
D:6:      lemuel_upstairs_altar, layout_basic, overflow_temple_1_default,
          uniq_pikel
D:7:      layout_cave_pools, minmay_temple_entry_overgrown, uniq_maggie
D:8:      layout_rooms, erik_lair_dragon, serial_shops, nicolae_shop_waterfront,
          shop, nicolae_shop_behind_doors, basic_altar, vehumet_altar_wand_db
D:9:      layout_irregular_city, okawaru_altar_gauntlet_db,
          nicolae_overflow_crystal_walls, serial_shops, kennysheep_mini_moat,
          enter_bailey_2, uniq_erolcha
D:10:     layout_rooms, serial_undead, serial_undead_f, serial_undead_c,
          serial_undead_a, serial_undead_a
D:11:     layout_layer_cave, basic_altar, kennysheep_big_empty_room,
          minmay_misc_feat_plants, uniq_maurice
D:12:     layout_layer_cave, david_orc_2
D:13:     layout_cave_pods, erik_vaults_2, feat_on_display
D:14:     layout_basic, serial_park_tiny_1, kennysheep_just_a_vault
D:15:     gammafunk_enter_depths_forms, layout_basic, chequers_big_river,
          corexii_checkpoint_a
Lair:1:   layout_chaotic_city, minmay_lair_oklob_bushes, lemuel_fruit_fields,
          grunt_megastairs_5, infiniplex_staircase_pool, uniq_erica
Lair:2:   layout_regular_city, worms_lemuel, minmay_lair_oklob_chamber
Lair:3:   layout_gridlike, minmay_shoals_entry_beasts,
          nicolae_quartered_pool_little, uniq_sonja, uniq_snorg
Lair:4:   layout_gridlike, nicolae_spider_entry_non_spiders, minivault_23,
          grunt_forest_large_clearing_hut
Lair:5:   layout_cave_pods
Lair:6:   evil_forest, layout_cave_pods, slime_altar_1, minmay_another_anthill,
          uniq_urug
Shoals:1: layout_shoals
Shoals:2: layout_shoals, nicolae_shoals_mertower, uniq_ilsuiw
Shoals:3: layout_shoals, lemuel_altar_in_water, uniq_kirke, uniq_donald
Shoals:4: shoals_end_simple, layout_shoals
Spider:1: layout_chambers, drop_trap
Spider:2: layout_spider_delve, nicolae_orb_island, nicolae_spider_cling_ruins
Spider:3: layout_spider_delve
Spider:4: spider_rune_water
Orc:1:    layout_caves, serial_shops, nicolae_shop_trees
Orc:2:    st_orc_rangers, layout_diamond_mine
Elf:1:    layout_loops_cross, serial_shops, shop, evilmike_minifort,
          feat_on_display
Elf:2:    layout_gridlike, special_room [special_room_mythical_zoo],
          serial_shops, shop, nicolae_shop_crystal, nicolae_elf_m_pinch,
          grunt_ministairs_10
Elf:3:    minmay_elf_hall_circle, layout_geoelf_octagon, uniq_louise
Vaults:1: hangedman_vaults_stagger, vaults_standard_mumra_x, v_misc_5,
          nicolae_vaults_network_barrier, hangedman_vaults_restitches,
          ontoclasm_vaults_fault, nicolae_vaults_little_squares_2,
          hangedman_vaults_locks, vaults_not_door_vault_mu, v_misc_15,
          layout_vaults_maze, portal_desolation_entry_ruin
Vaults:2: gammafunk_vaults_ghost_spectres, st_eye, v_misc_32,
          vaults_mumra_hexcomb, v_misc_5, hangedman_vaults_snaps,
          nicolae_vaults_ring_of_whatevers, grunt_vaults_swirl,
          nicolae_vaults_twisting_passages, ontoclasm_vaults_loading_screen,
          vaults_room_octagon, vaults_mumra_lcd, ontoclasm_vaults_shuriken,
          layout_vaults_omnibox, serial_shops, shop
Vaults:3: ebering_vaults_ghost_reflecting_pool, hangedman_vaults_nodes,
          minmay_crypt_entry_simple_corners, nicolae_vaults_diagonal_hallway_6,
          v_misc_27, nicolae_vaults_alarming, nicolae_vaults_border_crossing,
          nicolae_vaults_specimen_jars, nicolae_vaults_theta, vaults_room_pool,
          layout_vaults_big_room, serial_shops, shop
Vaults:4: ebering_vaults_ghost_disaster_area, st_more_cells, v_misc_15,
          vaults_room_stairs_pillars, v_misc_12, v_misc_23,
          ontoclasm_vaults_eye, layout_vaults_quadrants, basic_altar,
          infiniplex_enter_wizlab_water, serial_shops, shop, uniq_saint_roka
Vaults:5: serial_shops, uniq_boris, uniq_xtahua
Depths:1: layout_cave_shapes, hell_entry, chequers_serial_rivers_small_b,
          minivault_12, serial_bayou_shore_a
Depths:2: little_maze_vault, layout_cross, rand_demon_pan_entry_3, hell_entry,
          minmay_misc_feat_nine_boxes, infiniplex_staircase_pool_1, uniq_sojobo
Depths:3: radiant_caverns_a_rkd, pan_entry, hell_entry
Depths:4: minmay_the_grid_ultimate [minmay_the_grid_prize_four_corners,
          minmay_the_grid_prize_trominoes, minmay_the_grid_prize_inner_circle,
          minmay_the_grid_prize_big_room, minmay_the_grid_square_5x5_empty,
          minmay_the_grid_square_5x5_broken_cross,
          minmay_the_grid_square_5x5_inner_v, minmay_the_grid_square_5x5_eight,
          minmay_the_grid_square_5x5_one_wall,
          minmay_the_grid_square_5x5_minimal,
          minmay_the_grid_square_5x5_bracketed,
          minmay_the_grid_square_5x5_three_small,
          minmay_the_grid_square_5x5_spiral,
          minmay_the_grid_square_5x5_misaligned, minmay_the_grid_square_5x5_meh,
          minmay_the_grid_square_5x5_c, minmay_the_grid_square_5x5_inner_z,
          minmay_the_grid_square_5x5_minibox,
          minmay_the_grid_square_5x5_hollow_slash,
          minmay_the_grid_triangle_9x9_wacky_v,
          minmay_the_grid_triangle_9x9_dagger,
          minmay_the_grid_triangle_9x9_warning,
          minmay_the_grid_triangle_9x9_intruding_spiral,
          minmay_the_grid_triangle_9x9_windchime,
          minmay_the_grid_triangle_9x9_corruption,
          minmay_the_grid_triangle_9x9_zippers_vertical,
          minmay_the_grid_triangle_9x9_subtriangle,
          minmay_the_grid_triangle_9x9_descending_squares,
          minmay_the_grid_triangle_9x9_sprig,
          minmay_the_grid_triangle_9x9_flanged_cone,
          minmay_the_grid_triangle_9x9_minimal,
          minmay_the_grid_triangle_9x9_thin_v,
          minmay_the_grid_triangle_9x9_from_above,
          minmay_the_grid_triangle_9x9_sparse_checkered,
          minmay_the_grid_triangle_9x9_cache, minmay_the_grid_square_5x5_v,
          minmay_the_grid_octo_odd_swirl, minmay_the_grid_octo_checkered,
          minmay_the_grid_octo_focus, minmay_the_grid_octo_pinwheel,
          minmay_the_grid_octo_toaster, minmay_the_grid_octo_teeth,
          minmay_the_grid_octo_horde, minmay_the_grid_octo_shrine,
          minmay_the_grid_box_x, minmay_the_grid_medium_cups,
          minmay_the_grid_holed_spiral, minmay_the_grid_spikes], abyss_entry,
          hell_entry, uniq_mara
Depths:5: grunt_zot_entry_tricorne, layout_long_grid, minmay_misc_feat_square,
          hell_entry, serial_sigils, serial_sigils_hangedman_gnaw,
          serial_sigils_hangedman_clutch, serial_sigils_hangedman_gut,
          serial_sigils_hangedman_leer, serial_sigils_hangedman_shear,
          patterned_corridor
Hell
Zot:1:    layout_twisted_circle
Zot:2:    layout_onion_interference, grunt_megastairs_2
Zot:3:    layout_basic
Zot:4:    kennysheep_six_static_rooms, layout_basic, lemuel_flame_loot_1
Zot:5:    layout_misc_corridors

Notes
Turn   | Place    | Note
-------+----------+-------------------------------------------
     0 | D:1      | sanka the Minotaur Berserker began the quest for the Orb.
     0 | D:1      | Reached XP level 1. HP: 19/19 MP: 0/0
    49 | D:1      | Reached skill level 4 in Fighting
    49 | D:1      | Reached skill level 4 in Axes
    49 | D:1      | Reached XP level 2. HP: 27/27 MP: 1/1
   495 | D:1      | Reached XP level 3. HP: 31/33 MP: 2/2
   653 | D:1      | Reached skill level 5 in Axes
  1200 | D:2      | Reached ** piety under Trog
  1201 | D:2      | Found a snail-covered altar of Cheibriados.
  1262 | D:2      | Reached skill level 1 in Shields
  1266 | D:2      | Reached XP level 4. HP: 40/40 MP: 3/3
  1425 | D:2      | Reached skill level 2 in Shields
  1607 | D:2      | Noticed a necrophage
  1619 | D:2      | Killed a necrophage
  1619 | D:2      | Reached skill level 6 in Axes
  1619 | D:2      | Reached skill level 3 in Shields
  1619 | D:2      | Reached XP level 5. HP: 45/45 MP: 4/4
  1895 | D:3      | Found a runed translucent door.
  1896 | D:3      | Noticed Crazy Yiuf
  2130 | D:3      | Killed Crazy Yiuf
  2234 | D:4      | Noticed an ogre
  2240 | D:4      | Killed an ogre
  2240 | D:4      | Reached skill level 7 in Axes
  2240 | D:4      | Reached skill level 4 in Shields
  2240 | D:4      | Reached XP level 6. HP: 52/52 MP: 5/5
  2366 | D:4      | Reached *** piety under Trog
  2532 | D:4      | Found a white marble altar of Elyvilon.
  2762 | D:4      | Reached skill level 8 in Axes
  2855 | D:4      | Found a snail-covered altar of Cheibriados.
  2947 | D:4      | Reached XP level 7. HP: 59/59 MP: 6/6
  3115 | D:4      | Found a basalt altar of Yredelemnul.
  3373 | D:4      | Found a blossoming altar of Fedhas.
  3426 | D:5      | Entered Level 5 of the Dungeon
  3431 | D:5      | Reached skill level 9 in Axes
  3644 | D:5      | Reached skill level 10 in Axes
  3821 | D:5      | Noticed Blork the orc
  3851 | D:5      | Killed Blork the orc
  3886 | D:5      | Reached XP level 8. HP: 52/66 MP: 7/7
  4116 | D:5      | Found an ornate altar of the Wu Jian Council.
  4119 | D:5      | Found a shimmering altar of Xom.
  4122 | D:5      | Found a sparkling altar of Nemelex Xobeh.
  4327 | D:5      | Found Tucasiu's Antique Weapon Boutique.
  4407 | D:5      | Got a translucent dagger
  4408 | D:5      | Identified the +5 dagger "Gurchyasm" {freeze, rC- Str+4}
                  | (You found it on level 5 of the Dungeon)
  4541 | D:6      | Reached skill level 11 in Axes
  4685 | D:6      | Reached skill level 3 in Armour
  4795 | D:6      | Reached skill level 3 in Dodging
  4872 | D:6      | Found a stormy altar of Qazlal.
  4873 | D:6      | Noticed Pikel
  4902 | D:6      | Killed Pikel
  4902 | D:6      | Reached skill level 5 in Fighting
  4902 | D:6      | Reached skill level 4 in Armour
  4902 | D:6      | Reached skill level 4 in Dodging
  4902 | D:6      | Reached XP level 9. HP: 41/74 MP: 8/8
  5194 | D:6      | Reached skill level 12 in Axes
  5869 | D:7      | Found a staircase to the Ecumenical Temple.
  5870 | D:7      | Identified +1 steam dragon scales
  5870 | D:7      | Noticed Maggie
  5888 | D:7      | Killed Maggie
  5888 | D:7      | Reached skill level 6 in Fighting
  5888 | D:7      | Reached skill level 5 in Armour
  6472 | D:8      | Found an opulent altar of Gozag.
  6475 | D:8      | Reached skill level 5 in Dodging
  6498 | D:8      | Found Mitykk's Weapon Shop.
  6507 | D:8      | Reached **** piety under Trog
  6566 | D:8      | Found Inienami's Distillery.
  6603 | D:8      | Found a radiant altar of Vehumet.
  6773 | D:8      | Reached skill level 6 in Armour
  6832 | D:8      | Found Tuestek's Distillery.
  6880 | D:8      | Reached skill level 7 in Fighting
  6880 | D:8      | Reached skill level 13 in Axes
  6944 | D:8      | Noticed a two-headed ogre
  6948 | D:8      | Reached XP level 10. HP: 79/86 MP: 9/9
  6958 | D:8      | Killed a two-headed ogre
  6958 | D:8      | Reached skill level 6 in Dodging
  6964 | D:8      | Reached skill level 7 in Armour
  6971 | D:8      | Reached skill level 8 in Fighting
  7108 | D:8      | Found a staircase to the Lair.
  7234 | D:9      | Noticed Erolcha
  7248 | D:9      | Killed Erolcha
  7248 | D:9      | Reached skill level 7 in Dodging
  7355 | D:9      | Found an iron altar of Okawaru.
  7361 | D:9      | Reached ***** piety under Trog
  7374 | D:9      | Found a flagged portal.
  7386 | Bailey   | Entered a bailey
  7569 | Bailey   | Reached skill level 8 in Armour
  7633 | Bailey   | Noticed an orc knight
  7650 | Bailey   | Noticed an orc knight
  7659 | Bailey   | Killed an orc knight
  7659 | Bailey   | Reached skill level 9 in Fighting
  7832 | Bailey   | Identified the +5 steam dragon scales "Upletios" {rElec
                  | Int+4 Stlth-}
  7897 | Bailey   | Got a spiked cloak
  7908 | Bailey   | Identified the +1 cloak "Zinkyimp" {*Contam +Blink Dex+5}
                  | (You found it in a bailey)
  7921 | Bailey   | Killed an orc knight
  7921 | Bailey   | Reached skill level 1 in Evocations
  8211 | D:9      | Reached skill level 8 in Dodging
  8469 | D:9      | Found Holoont's Assorted Antiques.
  8598 | D:9      | Found a hazy altar of Hepliaklqana.
  8756 | D:10     | Entered Level 10 of the Dungeon
  8767 | D:10     | Reached XP level 11. HP: 97/97 MP: 10/10
  8784 | D:10     | Reached skill level 9 in Armour
  8834 | D:10     | Killed an unseen horror
  8834 | D:10     | Reached skill level 2 in Evocations
  8870 | D:10     | Noticed a two-headed ogre
  8874 | D:10     | Received a gift from Trog
  8892 | D:10     | Reached skill level 10 in Fighting
  8899 | D:10     | Killed a two-headed ogre
  8899 | D:10     | Reached skill level 3 in Evocations
  8905 | D:10     | Identified +0 steam dragon scales
  9361 | D:11     | Noticed a brown ugly thing
  9367 | D:11     | Killed a brown ugly thing
  9468 | D:11     | Found an opulent altar of Gozag.
  9570 | D:11     | Reached skill level 9 in Dodging
  9578 | D:11     | Noticed Maurice
  9584 | D:11     | Killed Maurice
 10791 | D:12     | Reached skill level 10 in Armour
 11371 | D:12     | Reached skill level 4 in Evocations
 11502 | D:12     | Found a staircase to the Orcish Mines.
 12351 | Orc:1    | Entered Level 1 of the Orcish Mines
 12351 | Orc:1    | Noticed a two-headed ogre
 12352 | Orc:1    | Noticed an ogre mage
 12353 | Orc:1    | Noticed a two-headed ogre
 12354 | Orc:1    | Noticed a two-headed ogre
 12359 | Orc:1    | Killed a two-headed ogre
 12359 | Orc:1    | Reached skill level 11 in Fighting
 12360 | Orc:1    | Killed a two-headed ogre
 12360 | Orc:1    | Reached XP level 12. HP: 93/110 MP: 11/11
 12361 | Orc:1    | Killed a two-headed ogre
 12363 | Orc:1    | Reached skill level 5 in Evocations
 12363 | Orc:1    | Reached skill level 10 in Dodging
 12369 | Orc:1    | Killed an ogre mage
 12906 | Orc:2    | Entered Level 2 of the Orcish Mines
 13155 | Orc:2    | Reached skill level 11 in Armour
 13187 | Orc:2    | Found a staircase to the Elven Halls.
 13546 | Orc:2    | Noticed a stone giant
 13549 | Orc:2    | Received a gift from Trog
 13554 | Orc:2    | Killed a stone giant
 13712 | Orc:2    | Reached skill level 6 in Evocations
 13820 | Orc:2    | Found Owemat's Distillery.
 13820 | Orc:2    | Found Uzikkior's Book Boutique.
 13822 | Orc:2    | Found Zosaet's Weapon Shop.
 13824 | Orc:2    | Found Gamunog's Distillery.
 14191 | Orc:2    | Reached skill level 12 in Fighting
 14725 | Orc:1    | Found Guinait's Assorted Antiques.
 14735 | Orc:1    | Bought an ancient copper ring for 100 gold pieces
 14736 | Orc:1    | Identified the ring "Saxyho" {rElec rF+ rC+} (You bought it
                  | in a shop on level 1 of the Orcish Mines)
 14931 | D:8      | Bought the +8 lance "Wyrmbane" {slay drac, rPois rF+ rC+
                  | AC+3} for 1050 gold pieces
 14931 | D:8      | Found the +8 lance "Wyrmbane" {slay drac, rPois rF+ rC+
                  | AC+3}
 15009 | Lair:1   | Entered Level 1 of the Lair of Beasts
 15019 | Lair:1   | Reached skill level 1 in Polearms
 15139 | Lair:1   | Noticed an eight-headed hydra
 15147 | Lair:1   | Killed an eight-headed hydra
 15147 | Lair:1   | Reached skill level 2 in Polearms
 15147 | Lair:1   | Reached skill level 11 in Dodging
 15250 | Lair:1   | Noticed Erica
 15264 | Lair:1   | Killed Erica
 15877 | Lair:1   | Noticed a four-headed hydra
 15887 | Lair:1   | Killed a four-headed hydra
 15887 | Lair:1   | Reached skill level 3 in Polearms
 16032 | Lair:1   | Reached skill level 12 in Armour
 16039 | Lair:1   | Reached XP level 13. HP: 117/119 MP: 12/12
 16799 | Lair:2   | Reached skill level 4 in Polearms
 17227 | Lair:2   | Reached skill level 5 in Polearms
 17227 | Lair:2   | Reached skill level 7 in Evocations
 17879 | Lair:2   | Got a fine whip
 17880 | Lair:2   | Identified the cursed +1 whip "Diod" {vorpal, rPois Stlth+}
                  | (You found it on level 2 of the Lair of Beasts)
 17942 | Lair:3   | Noticed Sonja
 17953 | Lair:3   | Noticed Sonja
 17953 | Lair:3   | Sonja changed into Sonja the harpy
 17962 | Lair:3   | Killed Sonja the harpy
 17994 | Lair:3   | Noticed Snorg
 18001 | Lair:3   | Killed Snorg
 18001 | Lair:3   | Reached skill level 6 in Polearms
 18414 | Lair:3   | Reached skill level 7 in Polearms
 18504 | Lair:3   | Found a staircase to the Shoals.
 18520 | Lair:3   | Reached skill level 13 in Fighting
 19288 | Lair:4   | Received a gift from Trog
 19401 | Lair:4   | Reached skill level 8 in Polearms
 19447 | Lair:4   | Found a hole to the Spider Nest.
 19779 | Spider:1 | Entered Level 1 of the Spider Nest
 19796 | Spider:1 | Reached skill level 12 in Dodging
 19808 | Spider:1 | Reached XP level 14. HP: 116/129 MP: 13/13
 19821 | Spider:1 | Reached skill level 8 in Evocations
 20201 | Lair:5   | Reached skill level 13 in Armour
 21388 | Lair:6   | Entered Level 6 of the Lair of Beasts
 21461 | Lair:6   | Found a viscous altar of Jiyva.
 21462 | Lair:6   | Found a staircase to the Slime Pits.
 21572 | Lair:6   | Noticed an entropy weaver
 21572 | Lair:6   | Noticed an entropy weaver
 21608 | Lair:5   | Killed an entropy weaver
 21608 | Lair:5   | Reached skill level 14 in Fighting
 21932 | Lair:6   | Reached ****** piety under Trog
 21932 | Lair:6   | Received a gift from Trog
 22067 | Lair:6   | Noticed Urug
 22089 | Lair:6   | Killed Urug
 22089 | Lair:6   | Reached skill level 14 in Armour
 22089 | Lair:6   | Reached skill level 13 in Dodging
 22616 | Lair:6   | Killed an entropy weaver
 22985 | Lair:6   | Reached skill level 15 in Fighting
 23023 | Lair:6   | Received a gift from Trog
 23023 | Lair:6   | Reached XP level 15. HP: 141/141 MP: 14/14
 23036 | Lair:6   | Found a burning altar of Makhleb.
 23148 | Lair:6   | Found a gateway to Hell.
 24079 | D:13     | Found a gate to the Vaults.
 24139 | D:13     | Reached skill level 15 in Armour
 24181 | D:13     | Reached skill level 14 in Dodging
 24260 | D:13     | Reached skill level 5 in Shields
 25060 | D:14     | Reached skill level 6 in Shields
 25519 | D:14     | Reached skill level 9 in Evocations
 25843 | D:14     | Received a gift from Trog
 25912 | D:14     | Reached skill level 7 in Shields
 27273 | D:15     | Entered Level 15 of the Dungeon
 27552 | D:15     | Reached skill level 16 in Fighting
 27642 | D:15     | Reached XP level 16. HP: 151/151 MP: 15/15
 27913 | D:15     | Identified +0 acid dragon scales
 28548 | D:15     | Found a staircase to the Depths.
 28820 | Depths:1 | Entered Level 1 of the Depths
 28868 | Depths:1 | Reached skill level 8 in Shields
 28911 | Depths:1 | Reached skill level 16 in Armour
 28965 | Depths:1 | Received a gift from Trog
 28985 | Depths:1 | Reached skill level 15 in Dodging
 29033 | Depths:1 | Noticed a sphinx
 29087 | Depths:1 | Killed a sphinx
 29409 | Depths:1 | Noticed a lich
 29426 | Depths:1 | Killed a lich
 29570 | Depths:1 | Reached skill level 10 in Evocations
 29769 | Depths:1 | Reached skill level 9 in Shields
 29923 | Depths:1 | Identified +0 ice dragon scales
 30541 | Depths:1 | Got a heavily runed jade amulet
 30576 | Depths:1 | Received a gift from Trog
 30836 | Depths:1 | Identified the amulet of Oenomania {Spirit Slay+6 Stlth-}
                  | (You found it on level 1 of the Depths)
 30978 | Depths:1 | Identified +0 fire dragon scales
 31127 | Depths:1 | Reached skill level 17 in Fighting
 31127 | Depths:1 | Reached skill level 10 in Shields
 31156 | Depths:1 | Reached XP level 17. HP: 151/161 MP: 14/16
 31770 | Depths:1 | Paralysed by a floating eye for 3 turns
 31925 | Depths:1 | Reached skill level 17 in Armour
 32172 | Depths:1 | Paralysed by a great orb of eyes for 5 turns
 32264 | Depths:1 | Identified the Volume of Cold and Displacement
 32267 | Depths:1 | Identified a scroll of acquirement
 32372 | Depths:2 | Identified +0 fire dragon scales
 32545 | Depths:1 | Reached skill level 16 in Dodging
 32590 | Depths:1 | Received a gift from Trog
 32597 | Depths:1 | Reached skill level 11 in Shields
 33363 | Depths:2 | Noticed a lich
 33376 | Depths:2 | Killed a lich
 33417 | Depths:2 | Paralysed by a floating eye for 4 turns
 33780 | Depths:2 | Noticed a golden dragon
 33780 | Depths:2 | Noticed a lich
 33780 | Depths:2 | Noticed a tentacled monstrosity
 33805 | Depths:2 | Killed a lich
 33822 | Depths:2 | Noticed a golden dragon
 33832 | Depths:2 | Noticed a titan
 34064 | Depths:2 | Found a one-way gate leading to the halls of Pandemonium.
 34099 | Depths:1 | Reached skill level 18 in Fighting
 34149 | Depths:2 | Paralysed by a great orb of eyes for 3 turns
 34156 | Depths:1 | Reached skill level 12 in Shields
 34359 | Hell     | Entered the Vestibule of Hell
 34359 | Hell     | Noticed Geryon
 34359 | Hell     | Noticed a hellephant
 34390 | Depths:2 | Killed a titan
 34428 | Depths:2 | Killed a tentacled monstrosity
 34428 | Depths:2 | Reached XP level 18. HP: 118/172 MP: 11/17
 34438 | Depths:2 | Paralysed by a floating eye for 4 turns
 34805 | Depths:1 | Reached skill level 18 in Armour
 35345 | Depths:2 | Noticed Sojobo
 35364 | Depths:2 | Killed Sojobo
 35515 | Depths:2 | Got a dazzling morningstar
 35516 | Depths:2 | Identified the +8 morningstar "Iwnoomp" {holy, rC+ Int+8
                  | SInv} (You found it on level 2 of the Depths)
 35878 | Depths:2 | Received a gift from Trog
 35878 | Depths:2 | Reached skill level 17 in Dodging
 36482 | Depths:2 | Reached skill level 13 in Shields
 36719 | Depths:2 | Got a fading battleaxe
 36725 | Depths:2 | Identified the +2 battleaxe "Xohi" {elec, +Rage rPois
                  | Dex-4} (You found it on level 2 of the Depths)
 37312 | Depths:3 | Paralysed by a floating eye for 3 turns
 37858 | Depths:3 | Reached skill level 19 in Fighting
 38269 | Depths:3 | Reached XP level 19. HP: 129/182 MP: 6/18
 38284 | Depths:3 | Received a gift from Trog
 38436 | Depths:3 | Reached skill level 19 in Armour
 38515 | Depths:3 | Reached skill level 14 in Shields
 38580 | Depths:3 | Got a glittering bone amulet
 38591 | Depths:3 | Identified the amulet of Jofy {Faith *Slow +Fly rN+} (You
                  | found it on level 3 of the Depths)
 38934 | Depths:3 | Got a flickering steel ring
 38936 | Depths:3 | Identified the ring of Gycyzao {rF+ Dex+2 SInv} (You found
                  | it on level 3 of the Depths)
 39238 | Depths:4 | Found a runed translucent door.
 39324 | Depths:4 | Reached skill level 18 in Dodging
 39402 | Depths:4 | Noticed a caustic shrike
 39415 | Depths:4 | Killed a caustic shrike
 39825 | Depths:4 | Identified +0 fire dragon scales
 39896 | Depths:4 | Reached skill level 15 in Shields
 40250 | Depths:4 | Noticed Mara
 40279 | Depths:4 | Killed Mara
 40343 | Depths:4 | Reached skill level 20 in Fighting
 40621 | Depths:4 | Noticed a juggernaut
 40638 | Depths:4 | Killed a juggernaut
 40650 | Depths:4 | Reached XP level 20. HP: 190/193 MP: 17/19
 40750 | Depths:4 | Identified +0 fire dragon scales
 40776 | Depths:4 | Reached skill level 20 in Armour
 41550 | Depths:4 | Got a spiked plate armour
 41561 | Depths:4 | Identified the +4 plate armour "Zabek" {rElec MR+} (You
                  | found it on level 4 of the Depths)
 41605 | Depths:4 | Got a steaming scale mail
 41616 | Depths:4 | Identified the +5 scale mail of Midnight {Rampage Str+4}
                  | (You found it on level 4 of the Depths)
 41658 | Depths:4 | Found a one-way gate to the infinite horrors of the Abyss.
 41890 | Depths:4 | Identified +0 shadow dragon scales
 41890 | Depths:4 | Reached skill level 19 in Dodging
 41890 | Depths:4 | Reached skill level 16 in Shields
 41891 | Depths:4 | Found an opulent altar of Gozag.
 42194 | Depths:1 | Killed a golden dragon
 42609 | Depths:2 | Killed a golden dragon
 42609 | Depths:2 | Identified +0 gold dragon scales
 43937 | Spider:1 | Received a gift from Trog
 45517 | Spider:2 | Received a gift from Trog
 46489 | Spider:3 | Got a faintly glowing ring mail
 46500 | Spider:3 | Identified the cursed +0 ring mail of Cahojeif {rC+ rN++
                  | Str-3 Dex+8} (You found it on level 3 of the Spider Nest)
 46526 | Spider:4 | Entered Level 4 of the Spider Nest
 46552 | Spider:4 | Reached skill level 21 in Fighting
 46672 | Spider:4 | Reached XP level 21. HP: 204/204 MP: 20/20
 47303 | Spider:4 | Reached skill level 21 in Armour
 47457 | Spider:4 | Reached skill level 17 in Shields
 47682 | Spider:4 | Received a gift from Trog
 47980 | Spider:4 | Got a gossamer rune of Zot
 48201 | Shoals:1 | Entered Level 1 of the Shoals
 48972 | Shoals:1 | Got a faintly humming chain mail
 48983 | Shoals:1 | Identified the +13 chain mail of Bethij {Int+3} (You found
                  | it on level 1 of the Shoals)
 49027 | Shoals:1 | Acquired 856 gold pieces
 49029 | Shoals:1 | Acquired a +4 ring of slaying
 49165 | Shoals:2 | Noticed Ilsuiw
 49223 | Shoals:2 | Killed Ilsuiw
 50067 | Shoals:2 | Received a gift from Trog
 50203 | Shoals:3 | Noticed Donald
 50213 | Shoals:3 | Killed Donald
 50213 | Shoals:3 | Reached skill level 20 in Dodging
 50379 | Shoals:3 | Noticed Kirke
 50393 | Shoals:3 | Killed Kirke
 50432 | Shoals:3 | Found a shimmering blue altar of Sif Muna.
 50703 | Shoals:4 | Entered Level 4 of the Shoals
 51274 | Shoals:4 | Got a barnacled rune of Zot
 51367 | Shoals:4 | Identified a potion of resistance
 51456 | Shoals:4 | Received a gift from Trog
 51544 | Shoals:4 | Identified +2 swamp dragon scales (You found it on level 4
                  | of the Shoals)
 52322 | Vaults:1 | Entered Level 1 of the Vaults
 52374 | Vaults:1 | Identified +0 acid dragon scales
 52397 | Vaults:1 | Reached skill level 18 in Shields
 52434 | Vaults:1 | Reached XP level 22. HP: 193/215 MP: 21/21
 52538 | Vaults:1 | Reached skill level 22 in Fighting
 52644 | Vaults:1 | Found a ruined gateway.
 52658 | Desolati | Entered the Desolation of Salt
 52713 | Desolati | Received a gift from Trog
 53060 | Desolati | Reached skill level 22 in Armour
 53561 | Desolati | Got a slimy silver ring
 53563 | Desolati | Identified the ring of Vorr {rElec Dex+6} (You found it in
                  | the Desolation of Salt)
 53653 | Desolati | Got a brightly glowing bone ring
 53655 | Desolati | Identified the ring of Esysace {rC++ rN+ Int+3 Stlth+} (You
                  | found it in the Desolation of Salt)
 53816 | Desolati | Found the +15 Maxwell's patent armour {-Cast -Tele rElec
                  | MR+ rCorr}
 53999 | Desolati | Got a bound glass ring
 54001 | Desolati | Identified the ring "Cozil" {rF+ Stlth-} (You found it in
                  | the Desolation of Salt)
 54053 | Desolati | Got a smouldering scale mail
 54054 | Desolati | Identified the cursed +1 scale mail of Reason {+Fly rN+
                  | Stlth+} (You found it in the Desolation of Salt)
 54245 | Vaults:1 | Received a gift from Trog
 54513 | Vaults:1 | Found a huge runed gate.
 54514 | Vaults:1 | Found a huge runed gate.
 54514 | Vaults:1 | Found a huge runed gate.
 54515 | Vaults:1 | Found a huge runed gate.
 54515 | Vaults:1 | Found a huge runed gate.
 54516 | Vaults:1 | Found a huge runed gate.
 54516 | Vaults:1 | Found a huge runed gate.
 54516 | Vaults:1 | Found a huge runed gate.
 54516 | Vaults:1 | Found a huge runed gate.
 54516 | Vaults:1 | Found a huge runed gate.
 54517 | Vaults:1 | Found a huge runed gate.
 54517 | Vaults:1 | Found a huge runed gate.
 54518 | Vaults:1 | Found a huge runed gate.
 54519 | Vaults:1 | Found a huge runed gate.
 54520 | Vaults:1 | Found a huge runed gate.
 54528 | Vaults:1 | Found a huge runed gate.
 54528 | Vaults:1 | Found a huge runed gate.
 54528 | Vaults:1 | Found a huge runed gate.
 54528 | Vaults:1 | Found a huge runed gate.
 54528 | Vaults:1 | Found a huge runed gate.
 54528 | Vaults:1 | Found a huge runed gate.
 54528 | Vaults:1 | Found a huge runed gate.
 54529 | Vaults:1 | Found a huge runed gate.
 54530 | Vaults:1 | Found a huge runed gate.
 54538 | Vaults:1 | Found a huge runed gate.
 54538 | Vaults:1 | Found a huge runed gate.
 54538 | Vaults:1 | Found a huge runed gate.
 54538 | Vaults:1 | Found a huge runed gate.
 54538 | Vaults:1 | Found a huge runed gate.
 54538 | Vaults:1 | Found a huge runed gate.
 54538 | Vaults:1 | Found a huge runed gate.
 54539 | Vaults:1 | Found a huge runed gate.
 54540 | Vaults:1 | Found a huge runed gate.
 54549 | Vaults:1 | Found a huge runed gate.
 54549 | Vaults:1 | Found a huge runed gate.
 54549 | Vaults:1 | Found a huge runed gate.
 54650 | Vaults:1 | Got a crystal morningstar
 54651 | Vaults:1 | Identified the +2 morningstar of Ylewebb {speed, Str+4}
                  | (You found it on level 1 of the Vaults)
 54802 | Vaults:1 | Found the +7 Kryia's mail coat {PotionHeal*2 rC+}
 54903 | Vaults:1 | Got a warped tin amulet
 54924 | Vaults:1 | Identified the amulet "Fevyepush" {Inacc rElec rPois rF-
                  | rN+++} (You found it on level 1 of the Vaults)
 55373 | Vaults:2 | Identified +0 acid dragon scales
 55406 | Vaults:2 | Found Zechawaxt's General Store.
 55457 | Vaults:2 | Found a runed translucent gate.
 55457 | Vaults:2 | Found a runed translucent gate.
 55457 | Vaults:2 | Found a runed translucent gate.
 55457 | Vaults:2 | Noticed Lanoc's ghost (adept OpFE)
 55468 | Vaults:2 | Reached skill level 21 in Dodging
 55472 | Vaults:2 | Received a gift from Trog
 55483 | Vaults:2 | Reached skill level 19 in Shields
 55511 | Vaults:2 | Killed Lanoc's ghost
 55634 | Vaults:2 | Got a warped graven amulet
 55645 | Vaults:2 | Identified the amulet "Isonesta" {Reflect Str+3 Dex+5 SH+5}
                  | (You found it on level 2 of the Vaults)
 55829 | Vaults:2 | Identified +0 storm dragon scales
 56145 | Vaults:2 | Reached XP level 23. HP: 225/225 MP: 22/22
 56177 | Vaults:2 | Received a gift from Trog
 57194 | Vaults:3 | Reached skill level 23 in Fighting
 57248 | Vaults:3 | Noticed Zuydaofups's ghost (adept DrWn)
 57296 | Vaults:3 | Received a gift from Trog
 57309 | Vaults:3 | Reached skill level 23 in Armour
 57428 | Vaults:3 | Killed Zuydaofups's ghost
 57777 | Vaults:3 | Acquired a scarf of repulsion
 58107 | Vaults:3 | Found a staircase to the Crypt.
 58160 | Vaults:3 | Found Ramperi's General Store.
 58557 | Vaults:4 | Received a gift from Trog
 58604 | Vaults:4 | Found Agutor's Antique Weapon Shoppe.
 58610 | Vaults:4 | Reached skill level 20 in Shields
 58661 | Vaults:4 | Found a magical portal.
 58720 | WizLab   | Entered The Roulette of Golubria
 58720 | WizLab   | Found a transporter.
 58731 | WizLab   | Found a corrupted altar of Lugonu.
 58959 | WizLab   | Found a transporter.
 59006 | WizLab   | Found a transporter.
 59040 | WizLab   | Found a transporter.
 59052 | WizLab   | Found a transporter.
 59118 | WizLab   | Found a transporter.
 59142 | WizLab   | Gained mutation: Armour fits poorly on your strangely
                  | shaped body. [a cacodemon]
 59144 | WizLab   | Gained mutation: You are clumsy. (Dex -2) [a cacodemon]
 59149 | WizLab   | Found a transporter.
 59211 | WizLab   | Found a corrupted altar of Lugonu.
 59335 | WizLab   | Found a transporter.
 59382 | WizLab   | Found a transporter.
 59382 | WizLab   | Found a transporter.
 59450 | WizLab   | Found a transporter.
 59466 | WizLab   | Found a transporter.
 59466 | WizLab   | Found a transporter.
 59503 | WizLab   | Found a transporter.
 59503 | WizLab   | Found a transporter.
 59548 | WizLab   | Found a transporter.
 59562 | WizLab   | Identified Efedek's Guide on the Compass
 59569 | WizLab   | Found a transporter.
 59569 | WizLab   | Found a transporter.
 59625 | WizLab   | Got a brightly glowing cloak
 59636 | WizLab   | Identified the cursed +0 cloak of the Midnight Sun {Regen+}
                  | (You found it in a wizard's laboratory)
 59660 | WizLab   | Got a twisted cloak
 59663 | WizLab   | Got a transparent cloak
 59671 | WizLab   | Got a translucent cloak
 59672 | WizLab   | Identified Golubria's Disquisition on the Compass
 59896 | WizLab   | Found a transporter.
 59896 | WizLab   | Found a transporter.
 60085 | WizLab   | Identified the +0 cloak of Snakes and Ladders {rCorr} (You
                  | found it in a wizard's laboratory)
 60095 | WizLab   | Identified the +1 cloak of the Clam {+Fly MR+ Dex+7} (You
                  | found it in a wizard's laboratory)
 60105 | WizLab   | Identified the cursed +0 cloak "Noresela" {*Slow Int+7}
                  | (You found it in a wizard's laboratory)
 60379 | Vaults:4 | Noticed Saint Roka
 60401 | Vaults:4 | Killed Saint Roka
 60414 | Vaults:4 | Received a gift from Trog
 60502 | Vaults:4 | Found a shimmering altar of Xom.
 60594 | Vaults:4 | Reached skill level 22 in Dodging
 60681 | Vaults:4 | Reached XP level 24. HP: 217/237 MP: 20/22
 60849 | Vaults:4 | Found a large runed translucent door.
 60850 | Vaults:4 | Found a large runed translucent door.
 60850 | Vaults:4 | Noticed Norharag's ghost (adept HuBe)
 61415 | Vaults:4 | Killed Norharag's ghost
 61500 | Vaults:5 | Entered Level 5 of the Vaults
 61507 | Vaults:5 | Noticed an ancient lich
 61590 | Vaults:5 | Received a gift from Trog
 61593 | Vaults:5 | Reached skill level 24 in Fighting
 61826 | Vaults:5 | Reached skill level 24 in Armour
 61855 | Vaults:5 | Identified +0 shadow dragon scales
 61905 | Vaults:5 | Reached skill level 21 in Shields
 61950 | Vaults:5 | Identified +0 shadow dragon scales
 61966 | Vaults:5 | Identified quicksilver dragon scales
 62301 | Vaults:5 | Identified the +1 plate armour "Xebaganung" {Regen+ MP+9
                  | Str+3 Slay+3}
 62385 | Vaults:5 | Received a gift from Trog
 62430 | Vaults:5 | Identified the +2 quarterstaff of Disorder {vorpal, Str+3}
 62575 | Vaults:5 | Identified the cursed +1 glaive of Gozag's Outrage {spect,
                  | rF+ rC+ rN+ Str+5}
 62575 | Vaults:5 | Identified the cursed +1 glaive of Gozag's Outrage {spect,
                  | rF+ rC+ rN+ Str+5}
 62601 | Vaults:5 | Identified the +9 war axe "Kugarauzu" {vamp, Dex+5}
 62601 | Vaults:5 | Identified +0 acid dragon scales
 62632 | Vaults:5 | Killed an ancient lich
 62739 | Vaults:5 | Identified +0 storm dragon scales
 62912 | Vaults:5 | Identified the cursed +2 arbalest "Newtbane" {venom, rElec
                  | rF+ rC+ MR-}
 62972 | Vaults:5 | Reached XP level 25. HP: 223/247 MP: 20/22
 63061 | Vaults:5 | Received a gift from Trog
 63196 | Vaults:5 | Found the +3 pair of gauntlets of War {Slay+5}
 63204 | Vaults:5 | Noticed Boris
 63205 | Vaults:5 | Noticed Xtahua
 63217 | Vaults:5 | Killed Boris
 63258 | Vaults:5 | Reached skill level 23 in Dodging
 63266 | Vaults:5 | Killed Xtahua
 63452 | Vaults:5 | Identified the cursed +3 double sword of Keocs {drain, rF+}
 64077 | Vaults:5 | Received a gift from Trog
 64080 | Vaults:5 | Reached skill level 22 in Shields
 64108 | Vaults:5 | Reached skill level 25 in Fighting
 64336 | Vaults:5 | Got a silver rune of Zot
 64492 | Vaults:5 | Got a smoking ring mail
 64493 | Vaults:5 | Identified the +4 ring mail of a Labyrinth {rElec} (You
                  | found it on level 5 of the Vaults)
 64558 | Vaults:5 | Found the +8 demon blade "Leech" {vamp, *Rage +Rage rN+}
 64819 | Elf:1    | Entered Level 1 of the Elven Halls
 64946 | Elf:1    | Reached skill level 25 in Armour
 64977 | Elf:1    | Found Xerig's Armour Boutique.
 65241 | Elf:1    | Identified a +2 robe of resistance
 65242 | Elf:1    | Received a gift from Trog
 65248 | Elf:1    | Gained mutation: Potions are less effective at restoring
                  | your health. [a neqoxec]
 65273 | Elf:1    | Lost mutation: You are clumsy. (Dex -2) [potion of
                  | mutation]
 65273 | Elf:1    | Lost mutation: Potions are less effective at restoring your
                  | health. [potion of mutation]
 65273 | Elf:1    | Lost mutation: Armour fits poorly on your strangely shaped
                  | body. [potion of mutation]
 65273 | Elf:1    | Gained mutation: Your body sometimes deteriorates upon
                  | taking damage. [potion of mutation]
 65273 | Elf:1    | Gained mutation: You are occasionally teleported next to
                  | monsters. [potion of mutation]
 65273 | Elf:1    | Gained mutation: Your flesh is cold resistant. (rC+)
                  | [potion of mutation]
 65273 | Elf:1    | Gained mutation: Your muscles are strong. (Str +2) [potion
                  | of mutation]
 65274 | Elf:1    | Lost mutation: Your muscles are strong. (Str +2) [potion of
                  | mutation]
 65274 | Elf:1    | Gained mutation: Your spells are a little harder to cast,
                  | but a little more powerful. [potion of mutation]
 65274 | Elf:1    | Gained mutation: You possess an exceptional clarity of
                  | mind. [potion of mutation]
 65275 | Elf:1    | Lost mutation: Your spells are a little harder to cast, but
                  | a little more powerful. [potion of mutation]
 65275 | Elf:1    | Lost mutation: Your body sometimes deteriorates upon taking
                  | damage. [potion of mutation]
 65275 | Elf:1    | Gained mutation: Potions are less effective at restoring
                  | your health. [potion of mutation]
 65275 | Elf:1    | Gained mutation: You are robust. (+10% HP) [potion of
                  | mutation]
 65275 | Elf:1    | Gained mutation: Your mind is acute. (Int +2) [potion of
                  | mutation]
 65276 | Elf:1    | Lost mutation: You are robust. (+10% HP) [potion of
                  | mutation]
 65276 | Elf:1    | Lost mutation: Your mind is acute. (Int +2) [potion of
                  | mutation]
 65276 | Elf:1    | Gained mutation: You are resistant to hostile enchantments.
                  | (MR+) [potion of mutation]
 65276 | Elf:1    | Gained mutation: You have sharp toenails. [potion of
                  | mutation]
 65277 | Elf:1    | Lost mutation: Your flesh is cold resistant. (rC+) [potion
                  | of mutation]
 65277 | Elf:1    | Lost mutation: Potions are less effective at restoring your
                  | health. [potion of mutation]
 65277 | Elf:1    | Gained mutation: Your mind is acute. (Int +2) [potion of
                  | mutation]
 65277 | Elf:1    | Lost mutation: Your mind is acute. (Int +2) [potion of
                  | mutation]
 65277 | Elf:1    | Gained mutation: Your flesh is heat resistant. (rF+)
                  | [potion of mutation]
 65278 | Elf:1    | Lost mutation: You have sharp toenails. [potion of
                  | mutation]
 65278 | Elf:1    | Lost mutation: You are occasionally teleported next to
                  | monsters. [potion of mutation]
 65278 | Elf:1    | Lost mutation: You possess an exceptional clarity of mind.
                  | [potion of mutation]
 65278 | Elf:1    | Lost mutation: You are resistant to hostile enchantments.
                  | (MR+) [potion of mutation]
 65278 | Elf:1    | Gained mutation: You are partially covered in thin metallic
                  | scales. (AC +2) [potion of mutation]
 65278 | Elf:1    | Gained mutation: You have supernaturally acute eyesight.
                  | (SInv) [potion of mutation]
 65607 | Elf:2    | Identified +0 fire dragon scales
 65775 | Elf:2    | Found a runed translucent gate.
 65777 | Elf:2    | Found a runed translucent gate.
 65779 | Elf:2    | Found a runed translucent gate.
 65872 | Elf:2    | Received a gift from Trog
 65958 | Elf:2    | Found Arghiqoo's Assorted Antiques.
 65958 | Elf:2    | Found Hacowu Kem's Antique Armour Boutique.
 65964 | Elf:2    | Bought a pair of ancient boots for 228 gold pieces
 65974 | Elf:2    | Identified the cursed +0 pair of boots of Hodo {MR++ rCorr
                  | Int+6} (You bought it in a shop on level 2 of the Elven
                  | Halls)
 66005 | Elf:2    | Bought a potion of heal wounds for 150 gold pieces
 66005 | Elf:2    | Bought a potion of mutation for 240 gold pieces
 66251 | Elf:2    | Got a bloodstained spear {god gift}
 66252 | Elf:2    | Identified the +4 spear "Kaitog" {vorpal, Str+6 SInv} (Trog
                  | gifted it to you on level 2 of the Elven Halls)
 66512 | Elf:2    | Reached XP level 26. HP: 259/259 MP: 22/22
 66662 | Elf:3    | Entered Level 3 of the Elven Halls
 66682 | Elf:3    | Received a gift from Trog
 67194 | Elf:3    | Noticed Louise
 67212 | Elf:3    | Killed Louise
 67312 | Elf:3    | Reached skill level 24 in Dodging
 67543 | Elf:3    | Received a gift from Trog
 67543 | Elf:3    | Reached skill level 23 in Shields
 68117 | Elf:3    | Identified Sif Muna's Catalogue of Creative Fire
 68149 | Elf:3    | Got a brightly glowing demon blade
 68150 | Elf:3    | Identified the cursed +3 demon blade of Nemelex Xobeh's
                  | Hope {vamp, rN++} (You found it on level 3 of the Elven
                  | Halls)
 68186 | Elf:3    | Got a warped copper ring
 68188 | Elf:3    | Identified the ring of Nutaug {+Blink rPois rF+ Int-2
                  | Dex+5} (You found it on level 3 of the Elven Halls)
 69212 | Depths:4 | Reached skill level 26 in Fighting
 69330 | Depths:4 | Found a shimmering altar of Xom.
 69332 | Depths:4 | Found a hide-covered altar of Uskayaw.
 69332 | Depths:4 | Found a glowing silver altar of Zin.
 69345 | Depths:4 | Received a gift from Trog
 69417 | Depths:4 | Noticed a juggernaut
 69429 | Depths:4 | Killed a juggernaut
 69429 | Depths:4 | Reached skill level 26 in Armour
 69509 | Depths:4 | Found a gateway to a ziggurat.
 69700 | Depths:4 | Got a fading plate armour
 69701 | Depths:4 | Identified the +13 plate armour of Reitru {MR++} (You found
                  | it on level 4 of the Depths)
 70135 | Depths:4 | Got a brightly glowing broad axe
 70136 | Depths:4 | Identified the cursed +1 broad axe of Due Proportion
                  | {freeze, rF- rN+++} (You found it on level 4 of the Depths)
 70524 | Depths:5 | Entered Level 5 of the Depths
 70647 | Depths:5 | Received a gift from Trog
 70647 | Depths:5 | Reached XP level 27. HP: 221/270 MP: 20/22
 70917 | Depths:5 | Reached skill level 24 in Shields
 70957 | Depths:5 | Identified +0 shadow dragon scales
 70966 | Depths:5 | Noticed Boris
 70989 | Depths:5 | Killed Boris
 70993 | Depths:5 | Identified +0 ice dragon scales
 70997 | Depths:5 | Received a gift from Trog
 71020 | Depths:5 | Reached skill level 25 in Dodging
 71154 | Depths:5 | Found a gate to the Realm of Zot.
 71841 | Zot:1    | Entered Level 1 of the Realm of Zot
 71909 | Zot:1    | Identified quicksilver dragon scales
 72002 | Zot:1    | Identified +0 shadow dragon scales
 72280 | Zot:1    | Reached skill level 27 in Fighting
 72529 | Zot:1    | Identified +0 gold dragon scales
 72605 | Zot:1    | Reached skill level 27 in Armour
 72745 | Zot:1    | Got a fine demon trident
 72746 | Zot:1    | Identified the +0 demon trident "Ahur" {venom, rPois Dex+4}
                  | (You found it on level 1 of the Realm of Zot)
 73224 | Zot:2    | Identified +0 gold dragon scales
 73309 | Zot:2    | Reached skill level 25 in Shields
 73405 | Zot:2    | Received a gift from Trog
 73661 | Zot:3    | Identified +0 storm dragon scales
 73668 | Zot:3    | Reached skill level 26 in Dodging
 73858 | Zot:3    | HP: 14/273 [deathcap/drain life[a curse toe] (20)]
 74089 | Zot:3    | Identified +0 shadow dragon scales
 74375 | Zot:3    | Identified +0 gold dragon scales
 74399 | Zot:3    | Reached skill level 27 in Dodging
 74504 | Zot:3    | Reached skill level 9 in Polearms
 74558 | Zot:3    | Identified +0 storm dragon scales
 74558 | Zot:3    | Reached skill level 1 in Spellcasting
 75027 | Zot:4    | Reached skill level 10 in Polearms
 75110 | Zot:4    | Identified +0 storm dragon scales
 75423 | Zot:4    | Received a gift from Trog
 75423 | Zot:4    | Reached skill level 11 in Evocations
 75435 | Zot:4    | Reached skill level 11 in Polearms
 76129 | Zot:5    | Entered Level 5 of the Realm of Zot
 76287 | Zot:5    | Identified +0 gold dragon scales
 76404 | Zot:5    | Identified +0 storm dragon scales
 76440 | Zot:5    | Reached skill level 12 in Polearms
 76603 | Zot:5    | Reached skill level 12 in Evocations
 76623 | Zot:5    | Noticed an ancient lich
 76647 | Zot:5    | Killed an ancient lich
 76677 | Zot:5    | Reached skill level 13 in Polearms
 76722 | Zot:5    | Noticed an orb of fire
 76744 | Zot:5    | Killed an orb of fire
 76767 | Zot:5    | Noticed an orb of fire
 76791 | Zot:5    | Killed an orb of fire
 76803 | Zot:5    | Reached skill level 14 in Polearms
 76803 | Zot:5    | Reached skill level 13 in Evocations
 76998 | Zot:5    | Received a gift from Trog
 77195 | Zot:5    | Noticed an ancient lich
 77211 | Zot:5    | Killed an ancient lich
 77211 | Zot:5    | Reached skill level 15 in Polearms
 77250 | Zot:5    | Noticed an orb of fire
 77257 | Zot:5    | Noticed an orb of fire
 77263 | Zot:5    | Gained mutation: You are dopey. (Int -2) [an orb of fire]
 77264 | Zot:5    | Noticed an orb of fire
 77267 | Zot:5    | Lost intelligence.
 77267 | Zot:5    | Gained mutation: You are very dopey. (Int -4) [an orb of
                  | fire]
 77268 | Zot:5    | Gained mutation: You are occasionally teleported next to
                  | monsters. [an orb of fire]
 77274 | Zot:5    | Gained mutation: Your magical capacity is low. (-10% MP)
                  | [an orb of fire]
 77279 | Zot:5    | Gained mutation: You tend to lose your temper in combat.
                  | [an orb of fire]
 77282 | Zot:5    | Gained mutation: Potions are less effective at restoring
                  | your health. [an orb of fire]
 77287 | Zot:5    | Noticed an orb of fire
 77289 | Zot:5    | Lost mutation: Your flesh is heat resistant. (rF+) [an orb
                  | of fire]
 77291 | Zot:5    | Gained mutation: You are frail. (-10% HP) [an orb of fire]
 77292 | Zot:5    | HP: 7/245 [orb of fire/fireball (34)]
 77293 | Zot:5    | Killed from afar by an orb of fire

Vanquished Creatures
  2 orbs of fire (Zot:5)
  3 ancient liches
  Mara (Depths:4)
  2 juggernauts (Depths:4)
  Sojobo (Depths:2)
  Boris (twice) (Vaults:5 Depths:5)
  Xtahua (Vaults:5)
  Saint Roka (Vaults:4)
  4 Killer Klowns (Zot:5)
  3 curse toes
  A caustic shrike (shapeshifter) (Depths:4)
  7 caustic shrikes
  9 golden dragons
  The ghost of Zuydaofups the Warrior, an adept DrWn of Gozag (Vaults:3)
  4 electric golems
  The ghost of Norharag the Warrior, an adept HuBe of Trog (Vaults:4)
  20 tentacled monstrosities
  9 liches
  14 Orb Guardians (Zot:5)
  The ghost of Lanoc the Scorcher, an adept OpFE of Vehumet (Vaults:2)
  5 deep elf blademasters
  9 titans
  13 quicksilver dragons
  2 deep elf master archers (Elf:3)
  An ancient champion (Vaults:3)
  12 sphinxes
  6 death cobs
  An eldritch tentacle (WizLab)
  A shadow dragon (shapeshifter) (Depths:3)
  20 storm dragons
  A sphinx (shapeshifter) (Depths:3)
  15 tengu reavers
  13 shadow dragons
  Kirke (Shoals:3)
  Ilsuiw (Shoals:2)
  2 draconian monks (Zot:4)
  Donald (Shoals:3)
  15 fire giants
  Louise (Elf:3)
  An iron dragon (Depths:4)
  5 deep elf sorcerers
  A frost giant (shapeshifter) (Depths:3)
  4 draconian knights
  19 frost giants
  3 emperor scorpions
  20 vault wardens
  2 imperial myrmidons (Desolation)
  A ghost moth (shapeshifter) (Depths:5)
  7 draconian shifters
  7 ghost moths
  4 draconian stormcallers
  3 draconian scorchers
  6 deep elf elementalists
  An angel (WizLab)
  12 ironheart preservers
  A cacodemon (WizLab)
  2 spriggan defenders
  6 war gargoyles
  3 draconian annihilators
  9 entropy weavers
  41 very ugly things
  27 stone giants
  5 green draconians
  3 vampire knights
  A lorocyproca (Depths:2)
  2 minotaurs (shapeshifter)
  5 deep elf demonologists
  A halazid warlock (Desolation)
  13 deep elf annihilators
  15 purple draconians
  7 spark wasps
  10 white draconians
  9 black draconians
  20 ettins
  3 eidola (Vaults:2)
  11 red draconians
  11 yellow draconians
  6 deep elf death magi
  12 merfolk javelineers
  18 crystal guardians
  Snorg (Lair:3)
  A jiangshi (Vaults:3)
  4 ragged hierophants (Desolation)
  4 merfolk impalers
  13 fire dragons
  10 great orbs of eyes
  14 ogre magi
  13 deep elf high priests
  24 yaktaur captains
  6 ice dragons
  9 peacekeepers (Desolation)
  Erolcha (D:9)
  10 servants of whispers (Desolation)
  23 hydras
  5 spriggan air magi
  9 rakshasas
  3 merfolk avatars
  Erica (Lair:1)
  An anaconda (shapeshifter) (Depths:2)
  41 vault guards
  14 centaur warriors
  4 death knights
  45 two-headed ogres
  8 merfolk aquamancers
  40 dancing weapons
  7 deep troll shamans
  6 death yaks
  A satyr (Shoals:2)
  2 vampire magi
  13 deep troll earth magi
  A queen ant (Lair:6)
  7 spriggan berserkers
  12 tengu warriors
  An orc high priest (Elf:1)
  A shock serpent (Depths:3)
  A thrashing horror (WizLab)
  Urug (Lair:6)
  2 spriggans (Depths:5)
  A soul eater (Depths:2)
  4 sun demons
  18 deep elf knights
  2 fire crabs (shapeshifter)
  A sixfirhy (WizLab)
  8 skeletal warriors
  3 shadow wraiths
  21 deep trolls
  8 hell knights
  14 glowing orange brains
  A torturous demonspawn (Depths:2)
  A glowing orange brain (shapeshifter) (D:13)
  9 sea snakes
  5 unseen horrors
  5 flayed ghosts
  20 deep elf archers
  A swamp dragon (shapeshifter) (Vaults:5)
  2 orange crystal statues
  A tengu zombie (Depths:1)
  Pikel (D:6)
  8 phantasmal warriors
  4 large abominations
  4 necromancers
  A wolf spider (shapeshifter) (Depths:4)
  4 obsidian statues
  4 wizards
  16 harpies
  24 orb spiders
  A harpy (shapeshifter) (D:15)
  16 ironbrand convokers
  4 fauns (Shoals:2)
  15 orc knights
  A wolf spider zombie (D:13)
  2 worldbinders (WizLab)
  4 oklob plants
  A shadow dragon skeleton (Vaults:5)
  2 mana vipers (shapeshifter)
  34 wolf spiders
  13 manticores
  A salamander (shapeshifter) (Depths:1)
  81 ugly things
  A cyclops (shapeshifter) (Depths:3)
  13 cyclopes
  64 deep elf magi
  2 orc sorcerers (Elf:1)
  A frost giant zombie (Depths:1)
  An elephant (shapeshifter) (Depths:3)
  23 elephants
  A moth of wrath (shapeshifter) (Vaults:3)
  7 merfolk sirens
  39 moths of wrath
  6 water nymphs
  A rust devil (Depths:1)
  3 black mambas
  6 guardian serpents (Desolation)
  An apocalypse crab (WizLab)
  19 vault sentinels
  2 guardian serpents (shapeshifter)
  Maurice (D:11)
  2 human skeletons (Vaults:5)
  5 molten gargoyles
  A gargoyle (Depths:3)
  4 torpor snails
  A cane toad (shapeshifter) (Depths:4)
  6 orange demons
  A torpor snail (shapeshifter) (Depths:3)
  2 yaktaur zombies (Vaults:5)
  Maggie (D:7)
  A spark wasp simulacrum (Depths:1)
  12 cane toads
  5 rime drakes
  14 freezing wraiths
  4 efreet
  11 demonic crawlers
  A rime drake (shapeshifter) (D:14)
  4 ice devils
  6 komodo dragons
  53 yaktaurs
  A hellwing (Lair:6)
  An ancient zyme (WizLab)
  29 jumping spiders
  27 merfolk
  3 meliai (D:15)
  A red devil (Lair:6)
  2 jumping spiders (shapeshifter)
  10 trolls
  A sphinx simulacrum (Vaults:2)
  A hornet (shapeshifter) (Depths:5)
  11 tengu conjurers
  2 trolls (shapeshifter)
  2 polar bears
  10 wind drakes
  A polar bear (shapeshifter) (D:15)
  10 hippogriffs
  7 hornets
  A raiju (WizLab)
  9 dream sheep
  2 wind drakes (shapeshifter)
  41 slime creatures
  2 harpy skeletons
  65 saltlings (Desolation)
  A fire giant simulacrum (Vaults:1)
  A meliai zombie (D:13)
  5 snapping turtles
  A stone giant simulacrum (Depths:1)
  21 blink frogs
  A dream sheep (shapeshifter) (Vaults:2)
  An ice dragon zombie (Depths:1)
  A vampire (D:13)
  5 shadows
  A redback (shapeshifter) (Depths:3)
  A spriggan (shapeshifter) (Vaults:4)
  7 air elementals
  A ynoxinul (WizLab)
  84 redbacks
  2 tarantellas (shapeshifter) (Depths:3)
  An elf skeleton (Depths:1)
  30 yaks
  A fire dragon skeleton (Depths:1)
  21 tarantellas
  3 wraiths
  9 wyverns
  28 water elementals
  4 fire bats (Lair:3)
  11 fire elementals
  A human (shapeshifter) (Vaults:2)
  3 basilisks
  2 hogs (shapeshifter)
  4 vampire mosquitoes (D:15)
  A steam dragon (D:10)
  2 spriggan simulacra (Depths:1)
  4 spatial vortices (WizLab)
  5 acid dragons
  4 insubstantial wisps
  A human zombie (Depths:1)
  2 swamp worms (shapeshifter)
  10 soldier ants
  2 floating eyes
  2 swamp worms (Lair:2)
  4 water moccasins (Lair:6)
  9 wargs
  2 floating eyes (shapeshifter) (Depths:2)
  A water moccasin (shapeshifter) (Vaults:2)
  7 porcupines
  51 orc warriors
  6 hell hounds
  An ettin simulacrum (Depths:1)
  An ice beast (D:10)
  2 phantoms
  3 sky beasts
  An ice dragon simulacrum (Depths:1)
  A tengu (shapeshifter) (Depths:3)
  18 wolves
  10 boggarts
  30 centaurs
  5 necrophages
  36 ogres
  8 crocodiles
  A crocodile (shapeshifter) (Vaults:2)
  A big kobold (D:14)
  9 earth elementals
  17 bullfrogs
  Blork the orc (D:5)
  2 human simulacra
  A water moccasin zombie (D:9)
  2 wyvern skeletons
  4 scorpions
  A water moccasin skeleton (D:12)
  2 scorpions (shapeshifter)
  An elf simulacrum (Vaults:2)
  An orc simulacrum (Vaults:2)
  7 wights
  6 howler monkeys
  An electric eel (D:15)
  A crimson imp (WizLab)
  5 centaur zombies
  2 jellies
  A quasit (D:8)
  5 hounds
  15 orc priests
  2 bullfrog zombies
  3 centaur skeletons
  12 orc wizards
  Crazy Yiuf (D:3)
  23 worker ants
  2 iguanas
  2 small abominations
  A killer bee zombie (D:10)
  A hound zombie (D:9)
  2 worker ant zombies
  5 gnolls
  10 adders
  3 shadow imps
  A white imp (D:8)
  An ufetubus (D:6)
  2 adder skeletons
  An adder zombie (D:6)
  3 worms
  A worm (shapeshifter) (Depths:2)
  A ball lightning (Depths:3)
  A dart slug (D:2)
  5 leopard geckos
  112 orcs
  A ball python (D:1)
  8 giant cockroaches
  A giant cockroach (shapeshifter) (Vaults:5)
  10 goblins
  6 hobgoblins
  5 jackals
  9 kobolds
  8 quokkas
  6 bats
  6 frilled lizards
  2 leopard gecko skeletons
  10 rats
  10 butterflies (Vaults:1)
  A crawling corpse (Elf:3)
  A fire vortex (D:11)
2678 creatures vanquished.

Vanquished Creatures (others)
  A tentacled monstrosity (Zot:4)
  A fire giant (Depths:2)
  A draconian scorcher (Zot:4)
  A draconian annihilator (Zot:4)
  A yellow draconian (Zot:4)
  An unseen horror (D:15)
  An ugly thing (Depths:3)
  A wolf spider (Spider:2)
  A moth of wrath (Zot:4)
  A molten gargoyle (Depths:3)
  A saltling (Desolation)
  A large abomination (WizLab)
  7 ball lightnings (Depths:3)
  An orc (Vaults:3)
  21 fungi
  A lurking horror (WizLab)
  79 plants
  A withered plant (D:10)
122 creatures vanquished.

Grand Total: 2800 creatures vanquished
